 Dungeon Crawl Stone Soup version 0.30-a0-743-gbfdf073431 (webtiles) character file.

Game seed: 11554814904672077842

505 kingofthe the Poker (level 7, 0/59 HPs)
             Began as a Merfolk Gladiator on Feb 5, 2023.
             Succumbed to Robin's poison
             ... on level 4 of the Dungeon.
             The game lasted 00:08:20 (3538 turns).

kingofthe the Poker (Merfolk Gladiator)             Turns: 3538, Time: 00:08:21

Health: 0/59       AC:  8    Str: 16 (17) XL:     7   Next: 18%
Magic:  7/7        EV: 13    Int:  7      God:
Gold:   168        SH:  0    Dex: 15      Spells: 6/6 levels left

rFire   + + .      SeeInvis .    b - +3 dagger (flame)
rCold   + + .      Faith    .    (no shield)
rNeg    . . .      Spirit   .    g - +2 ring mail {rC+}
rPois   +          Reflect  .    (helmet restricted)
rElec   +          Harm     .    i - +0 cloak
rCorr   +          Rampage  .    (no gloves)
Will    .....                    (no boots)
Stlth   ++                       (no amulet)
HPRegen 0.29/turn                u - ring of protection from fire
MPRegen 0.10/turn                (no ring)

@: lethally poisoned (0 -> -4), resistant, invisible
A: (nimble swimmer 2), mertail, horns 1, deterioration 1, robust 1
a: no special abilities


You were on level 4 of the Dungeon.
You visited 1 branch of the dungeon, and saw 4 of its levels.
You also visited: Sewer.

You collected 168 gold pieces.

Inventory:

Hand Weapons
 a - a +0 trident
 b - a +3 dagger of flaming (weapon)
Missiles
 d - 3 throwing nets (quivered)
 e - a javelin
Armour
 c - a +0 helmet
 g - a +2 ring mail of cold resistance (worn)
 i - a +0 cloak (worn)
Magical Staves
 h - a staff of cold
Jewellery
 u - a ring of protection from fire (left hand)
Wands
 w - a wand of mindburst (15)
Scrolls
 f - a scroll of poison {unknown}
 j - a scroll of butterflies {unknown}
 k - 4 scrolls of identify {unknown}
 l - a scroll of blinking {unknown}
 o - 3 scrolls of enchant weapon {unknown}
 p - 4 scrolls of fog {unknown}
 s - 2 scrolls of teleportation {unknown}
Potions
 m - 2 potions of mutation
 t - a potion of cancellation {unknown}
 v - a potion of heal wounds {unknown}


   Skills:
 + Level 4.1 Fighting
 + Level 5.9 Polearms
 - Level 2.0 Throwing
 + Level 2.1 Armour
 + Level 5.9 Dodging
 + Level 3.6 Stealth


You had 6 spell levels left.
You didn't know any spells.
Your spell library contained the following spells:

 Spells                   Type           Power      Damage    Failure   Level
 Lesser Beckoning         Tloc           0%         N/A       78%         2
 Gell's Gravitas          Tloc           0%         N/A       95%         3
 Ozocubu's Armour         Ice            0%         N/A       95%         3
 Teleport Other           Tloc           0%         N/A       95%         3
 Metabolic Englaciation   Hex/Ice        0%         N/A       100%        5
 Simulacrum               Ice/Necr       0%         N/A       100%        6


Dungeon Overview and Level Annotations

Branches:
Dungeon (4/15)              Sewer (visited)
 Temple: D:4-7

Altars:

Shops:
D:2 :


Innate Abilities, Weirdness & Mutations

((You are very nimble when in or above water. (Stealth+, EV+, Speed+++)))
Your lower body shifts to a powerful aquatic tail in water.
You have a pair of small horns on your head.
Your body sometimes deteriorates upon taking damage.
You are robust. (+10% HP)


Message History

Robin is severely wounded.
You feel sick.
The goblin no longer looks unusually strong.
The hobgoblin no longer looks unusually strong.
Robin roars a battlecry!
The goblins go into a battle-frenzy!
The goblin hits you with a +0 club. The goblin misses you.
You hit Robin. You burn Robin.
Robin is almost dead.
You feel sick. Robin hits you but does no damage.
You are more poisoned.
The goblin closely misses you. The goblin misses you.
It was a potion of mutation.
You feel extremely strange. A pair of horns grows on your head!
Your +0 helmet falls away!
You feel yourself wasting away.
You feel robust.
You feel very sick.
The goblin no longer looks unusually strong.
The goblin closely misses you. x2
You hit Robin. You burn Robin.
You kill Robin!
You feel sick. The goblin hits you with a +0 dagger.
* * * LOW HITPOINT WARNING * * *
The goblin hits you but does no damage.
It was a potion of magic.
Magic courses through your body.
You feel sick. The goblin hits you but does no damage. The hobgoblin hits you.
* * * LOW HITPOINT WARNING * * *
Your body deteriorates!
You feel weakened. The goblin closely misses you.
It was a potion of invisibility.
You fade into invisibility!
* * * LOW HITPOINT WARNING * * *
You feel sick.
The goblin no longer looks unusually strong.
The goblin barely misses you. The hobgoblin hits you.
* * * LOW HITPOINT WARNING * * *
The goblin closely misses you.
It was a potion of resistance.
You feel protected.
You die... .## ##.........## ##..... ..# ##........# ### ##.... ..## ##.......# #.## ##... ...# ###.....# #..# ##... ...## ###.### #..####..#. ggg.#

####.g# #...#...###
.g..######...gg##
#.....###
g....#.......ggg###
#....##
...gg.....######@g##
##...## ...gg######
##g.###..### .....#
##.....## ....##
##..### ....# #..###
# ...## ##...## #
..## ##....# ## ?##
#.....# ##. #
#.....# #..


You could see a hobgoblin (strong, unable to see you) and 7 goblins.

Vanquished Creatures
  2 bullfrogs (Sewer)
  A hound (D:3)
  Natasha (twice) (D:2)
  Robin (D:4)
  4 gnolls (D:3)
  12 adders
  6 river rats
  A worm (D:3)
  An orc (D:4)
  5 bats
  6 endoplasms
  3 giant cockroaches
  13 goblins
  4 hobgoblins
  A quokka (D:2)
  14 ball pythons
  8 frilled lizards
  6 kobolds
  23 rats
113 creatures vanquished.

Notes
Turn   | Place    | Note
-------+----------+-------------------------------------------
     0 | D:1      | kingofthe the Merfolk Gladiator began the quest for the
                  | Orb.
     0 | D:1      | Reached XP level 1. HP: 16/16 MP: 1/1
   195 | D:1      | Reached XP level 2. HP: 23/23 MP: 2/2
   754 | D:1      | You fall into a shaft and drop 1 floor!
   793 | D:2      | Reached skill level 1 in Stealth
   836 | D:2      | Noticed Natasha
   854 | D:2      | Killed Natasha
   855 | D:2      | Reached XP level 3. HP: 17/28 MP: 3/3
   908 | D:2      | Found Suat's Vocational Training.
  1098 | D:2      | Reached XP level 4. HP: 34/34 MP: 4/4
  1172 | D:2      | Noticed Natasha
  1187 | D:2      | HP: 1/34 [Natasha (4)]
  1188 | D:2      | Killed Natasha
  1189 | D:2      | Reached skill level 1 in Armour
  1449 | D:3      | Reached XP level 5. HP: 41/41 MP: 5/5
  1597 | D:3      | Reached skill level 5 in Dodging
  1608 | D:3      | Found a glowing drain.
  1617 | Sewer    | Entered a sewer
  1653 | Sewer    | Reached skill level 5 in Polearms
  1792 | Sewer    | Reached XP level 6. HP: 31/47 MP: 6/6
  2313 | D:3      | Found a faded altar of an unknown god.
  2418 | D:3      | Reached XP level 7. HP: 53/54 MP: 7/7
  3499 | D:4      | Noticed Robin
  3534 | D:4      | Gained mutation: You have a pair of small horns on your
                  | head. [potion of mutation]
  3534 | D:4      | Gained mutation: Your body sometimes deteriorates upon
                  | taking damage. [potion of mutation]
  3534 | D:4      | Gained mutation: You are robust. (+10% HP) [potion of
                  | mutation]
  3535 | D:4      | Killed Robin
  3537 | D:4      | HP: 1/59 [hobgoblin[Robin] (2)]
  3538 | D:4      | Succumbed to Robin's poison

Illustrated notes

Levels and vault maps discovered:
D:1:      ncdulo_wetmaze, layout_basic
D:2:      layout_rooms, nicolae_shop_vocational, uniq_natasha
D:3:      layout_loops_corners, chequers_ecumenical_altar_simple,
          lightli_sewer_entry_pipes, solitary_fountain
D:4:      layout_cave_pods, uniq_robin

Skill      XL: |  1  2  3  4  5  6 |
---------------+-------------------+-----
Stealth        | 1 2 3 |  3.6
Fighting       | 3 4 |  4.1
Armour         | 1 2 |  2.1
Dodging        | 5 |  5.9
Polearms       | 5 |  5.9
Throwing       | |  2.0

Action                     |  1- 3 |  4- 6 |  7- 9 || total
---------------------------+-------+-------+-------++-------
  Melee: Trident           |    53 |       |       ||    53
         Dagger            |    34 |   212 |    77 ||   323
         Tailslap          |       |    12 |       ||    12
         Punch             |       |     1 |     2 ||     3
    Use: Potion            |       |     2 |     4 ||     6
   Stab: Sleeping          |     1 |     9 |       ||    10
 Armour: Leather armour    |     9 |       |       ||     9
         Ring mail         |    23 |   137 |    43 ||   203
  Dodge: Dodged            |    46 |   288 |    74 ||   408

Table legend: (Time is in decaauts)
 A = Elapsed time spent in this place.
 B = Non-inter-level travel time spent in this place.
 C = Inter-level travel time spent in this place.
 D = Time resting spent in this place.
 E = Time spent auto-exploring this place.
 F = Levels seen in this place.
 G = Mean time per level.
                   A        B        C        D        E       F      G
               +--------+--------+--------+--------+--------+-----+--------+
         Total |   3492 |   3404 |     88 |    474 |   2114 |   5 |  698.4 |
       Dungeon |   2967 |   2879 |     88 |    287 |   2011 |   4 |  741.8 |
         Sewer |    524 |    524 |      0 |    186 |    102 |   1 |  524.0 |
               +--------+--------+--------+--------+--------+-----+--------+

Top non-repeatable levels by time:
     D:3: 1070 daAuts
     D:1: 751 daAuts
     D:2: 633 daAuts
   Sewer: 524 daAuts
     D:4: 513 daAuts
